Map: Research Site JD-2

Players

NgaNguyen

  • Race: Protoss Protoss
  • Spawn Location: 3:00

QUICKSCOPER

  • Race: Terran Terran
  • Spawn Location: 1:00

Супермужик

  • Race: Terran Terran
  • Spawn Location: 12:00

Gracz

  • Race: Protoss Protoss
  • Spawn Location: 12:00

alokiller

  • Race: Terran Terran
  • Spawn Location: 6:00

Slayerden

  • Race: Terran Terran
  • Spawn Location: 6:00

BaSh

  • Race: Zerg Zerg
  • Spawn Location: 7:00

Axelenok

  • Race: Protoss Protoss
  • Spawn Location: 7:00

VOD

Have the link to the VOD?

Description

Time

  • Played on: May 3, 2016, 1:40 p.m.
  • Length: 1:22
Show
View Real Time Build Order
Export as new Build Order

NgaNguyen Protoss 

Build Orders:  

Get SALT Encoding   

  12  0:21  Pylon  
  12  0:23  Probe (Chrono Boost)  
  13  0:29  Assimilator  
  13  0:34  Probe (Chrono Boost)  
  14  0:45  Probe (Chrono Boost)  
  15  0:55  Probe (Chrono Boost)  
  16  0:58  Gateway  
  16  1:06  Probe (Chrono Boost)  
Show
View Real Time Build Order
Export as new Build Order

QUICKSCOPER Terran 

Build Orders:  

Get SALT Encoding   

  12  0:02  SCV  
  13  0:15  SCV  
  14  0:23  Supply Depot  
  14  0:27  SCV  
  15  0:47  Barracks  
  15  0:53  SCV  
  16  0:57  Refinery  
  16  1:03  Supply Depot  
  16  1:06  SCV  
Show
View Real Time Build Order
Export as new Build Order

Супермужик Terran 

Build Orders:  

Get SALT Encoding   

  12  0:11  SCV  
  13  0:23  SCV  
  13  0:26  Supply Depot  
  14  0:35  SCV  
  15  0:48  SCV  
  16  1:00  SCV  
  17  1:06  Command Center  
Show
View Real Time Build Order
Export as new Build Order

Gracz Protoss 

Build Orders:  

Get SALT Encoding   

  12  0:04  Probe (Chrono Boost)  
Show
View Real Time Build Order
Export as new Build Order

alokiller Terran 

Build Orders:  

Get SALT Encoding   

  12  0:02  SCV  
  13  0:14  SCV  
  14  0:26  SCV  
  15  0:42  Supply Depot  
  15  1:02  Supply Depot  
Show
View Real Time Build Order
Export as new Build Order

Slayerden Terran 

Build Orders:  

Get SALT Encoding   

  12  0:50  Command Center  
  12  0:59  SCV  
Show
View Real Time Build Order
Export as new Build Order

BaSh Zerg 

Build Orders: Pool Only 

Get SALT Encoding   

  12  0:09  Overlord  
  12  0:18  Drone  
  12  0:20  Drone  
  14  0:28  Overlord  
  14  0:45  Drone x2  
  16  1:18  Spawning Pool  
Show
View Real Time Build Order
Export as new Build Order

Axelenok Protoss 

Build Orders:  

Get SALT Encoding   

  12  0:04  Probe (Chrono Boost)  
  13  0:20  Pylon, Probe (Chrono Boost)  
  14  0:30  Probe (Chrono Boost)  
  15  0:46  Probe (Chrono Boost)  
  15  0:47  Gateway  
Tags
 
Add a new tag
Caveats
  • Supply blocks, unpowered buildings, or Contaminate may cause inaccurate times.
  • Supply counts are checked every 10 seconds.